 Dungeon Crawl Stone Soup version 0.30.1-11-g7821555f0a (webtiles) character file.

Game seed: 4191251023067100615

4037 hawla the Thaumaturge (level 10, -6/54 HPs)
             Began as a Deep Elf Fire Elementalist on Jan 12, 2024.
             Was a Follower of Vehumet.
             Mangled by PrincessEmiBear's ghost (23 damage)
             ... on level 8 of the Dungeon.
             The game lasted 00:24:11 (8325 turns).

hawla the Thaumaturge (Deep Elf Fire Elementalist)  Turns: 8325, Time: 00:24:13

Health: -6/54      AC:  6    Str:  5    XL:     10   Next: 4%
Magic:  18/35      EV: 13    Int: 25    God:    Vehumet [*.....]
Gold:   383        SH:  0    Dex: 15    Spells: 18/29 levels left

rFire   . . .        x - +1 rapier (heavy)
rCold   + . .        (no shield)
rNeg    . . .        q - +2 robe {rC+}
rPois   +            (no helmet)
rElec   .            w - +0 cloak
rCorr   .            a - +0 pair of gloves
SInv    .            (no boots)
Will    +....        i - amulet of regeneration
Stlth   +++          f - ring of magical power
HPRegen 1.09/turn    d - ring of poison resistance
MPRegen 0.24/turn

%: no passive effects
@: no status effects
A: no striking features
a: Renounce Religion


You were on level 8 of the Dungeon.
You worshipped Vehumet.
Vehumet was aware of your devotion.
You visited 2 branches of the dungeon, and saw 9 of its levels.

You collected 383 gold pieces.

Inventory:

Hand Weapons
 x - a +1 heavy rapier (weapon)
Armour
 a - a +0 pair of gloves (worn)
 m - a +1 robe of willpower
 q - a +2 robe of cold resistance (worn)
 w - a +0 cloak (worn)
Jewellery
 d - a ring of poison resistance (right hand)
 f - a ring of magical power (left hand)
 g - an amulet of magic regeneration
 i - an amulet of regeneration (around neck)
Scrolls
 o - a scroll of amnesia
 y - a scroll of fear
Potions
 b - a potion of magic
 e - a potion of degeneration
 h - 3 potions of attraction
 k - 2 potions of flight {unknown}
 l - 2 potions of brilliance {unknown}
 n - 7 potions of curing {unknown}
 p - a potion of might


   Skills:
 + Level 2.5 Fighting
 + Level 5.4 Short Blades
 + Level 4.1 Dodging
 + Level 5.1 Stealth
 + Level 10.2 Spellcasting
 + Level 5.8 Conjurations
 + Level 4.0 Necromancy
 + Level 8.5 Fire Magic


You had 18 spell levels left.
You knew the following spells:

 Your Spells              Type           Power      Damage    Failure   Level
a - Foxfire               Conj/Fire      100%       2x1d9     1%          1
b - Scorch                Fire           100%       2d9       1%          2
c - Flame Wave            Conj/Fire      48%        2d12      2%          4
d - Dispel Undead         Necr           32%        3d14      10%         4

Your spell library contained the following spells:

 Spells                   Type           Power      Damage    Failure   Level
 Freeze                   Ice            48%        1d6       4%          1
 Kiss of Death            Conj/Necr      100%       2d13      1%          1
 Inner Flame              Hex/Fire       34%        N/A       2%          3
 Volatile Blastmotes      Fire/Tloc      68%        2d15      2%          3
 Beastly Appendage        Tmut           24%        N/A       4%          1
 Wereblood                Tmut           12%        N/A       8%          2
 Confusing Touch          Hex            12%        N/A       14%         3
 Spider Form              Tmut/Pois      12%        N/A       14%         3
 Yara's Violent Unravell  Hex/Tmut       6%         3d5       80%         5
 Enfeeble                 Hex            6%         N/A       100%        7


Dungeon Overview and Level Annotations

Branches:
Dungeon (8/15)             Temple (1/1) D:5            Lair (0/5) D:8

Altars:
Ashenzari
Cheibriados
Dithmenos
Elyvilon
Fedhas
Hepliaklqana
Kikubaaqudgha
Nemelex Xobeh
Okawaru
Qazlal
Ru
Sif Muna
Trog
Uskayaw
Vehumet
Wu Jian
Xom
Yredelemnul
Zin
The Shining One

Shops:
D:2 (

Annotations:
D:8 PrincessEmiBear's ghost, novice MiFi
Temple 2 transporters


Message History

PrincessEmiBear's ghost is lightly damaged.
Casting: Scorch (safe; 1% risk of failure)
Confirm with . or Enter, or press ? or * to list all spells.
Casting: Flame Wave (dangerous; 2% risk of failure)
Press: ? - help, Dir - look around, f - activate A wave of flame ripples out!
The flame wave engulfs PrincessEmiBear's ghost.
PrincessEmiBear's ghost is burned terribly!
PrincessEmiBear's ghost is lightly damaged. (Press . to intensify the flame waves.) PrincessEmiBear's ghost hits you!
A wave of flame ripples out!
The flame wave engulfs PrincessEmiBear's ghost!!
PrincessEmiBear's ghost is burned terribly!
PrincessEmiBear's ghost is moderately damaged.
PrincessEmiBear's ghost hits you!!
* * * LOW HITPOINT WARNING * * *
Unknown command.
A wave of flame ripples out!
The flame wave engulfs PrincessEmiBear's ghost!!
PrincessEmiBear's ghost is burned terribly!
PrincessEmiBear's ghost is severely damaged.
You finish channelling waves of flame.
PrincessEmiBear's ghost misses you.
Unknown command.
Casting: Flame Wave (dangerous; 2% risk of failure)
Confirm with . or Enter, or press ? or * to list all spells.
Flames lash PrincessEmiBear's ghost.
PrincessEmiBear's ghost is burned terribly!
PrincessEmiBear's ghost is severely damaged.
PrincessEmiBear's ghost misses you.
Casting: Scorch (safe; 1% risk of failure)
Confirm with . or Enter, or press ? or * to list all spells.
Casting: Flame Wave (dangerous; 2% risk of failure)
Press: ? - help, Dir - look around, f - activate A wave of flame ripples out!
The flame wave engulfs PrincessEmiBear's ghost but does no damage.
PrincessEmiBear's ghost is severely damaged. (Press . to intensify the flame waves.) PrincessEmiBear's ghost hits you!!
You die...

##.#####....#...........#
#.....#.......#####....#
#..##.#................#
###..##.#.####.#####.....#
>##..##......#.# ###..####
###### .......##.##.#.###....#
#..... ####......##.#...#....#
#.#### ###....##'###.#....# #.#
##........W@###..# #.#
#.>........###..# #.#
######...............######.####
#.....#######..#.........##.....
#.....#..$..#..#.........####...
#.....#(...(#..#...(.....# #.#.
#.....#..(..'..#.........####...
#.....#$....'............#....#.
#.....#)..(.'..W.........#.##.#.


You could see PrincessEmiBear's ghost (combustible).

Vanquished Creatures
  Prince Ribbit (D:6)
  Sigmund (D:6)
  4 yaks (D:8)
  A steam dragon (D:7)
  Menkaure (D:7)
  A water moccasin (D:7)
  Duvessa (D:6)
  2 sky beasts (D:8)
  2 orc warriors
  2 ogres
  3 centaurs
  A kobold brigand (D:8)
  A bullfrog (D:8)
  3 necrophages (D:4)
  4 scorpions
  7 wights
  Dowan (D:6)
  3 howler monkeys
  A bullfrog zombie (D:4)
  A centaur zombie (D:4)
  A human zombie (D:4)
  3 jellies
  An orc priest (D:7)
  Jessica (D:2)
  3 scorpion zombies (D:4)
  2 iguanas
  4 orc wizards
  4 mummies (D:4)
  A hound zombie (D:4)
  A hound skeleton (D:4)
  A howler monkey zombie (D:4)
  8 gnolls
  5 adders
  3 shadow imps
  2 ufetubi (D:5)
  2 adder skeletons (D:4)
  4 worms
  A dart slug (D:1)
  11 orcs
  7 ball pythons
  6 bats
  5 endoplasms
  2 giant cockroaches
  6 goblins
  5 hobgoblins
  4 jackals (D:3)
  3 quokkas
  4 frilled lizards
  7 kobolds
  6 rats
154 creatures vanquished.

Vanquished Creatures (others)
  172 foxfires
172 creatures vanquished.

Grand Total: 326 creatures vanquished

Notes
Turn   | Place    | Note
-------+----------+-------------------------------------------
     0 | D:1      | hawla the Deep Elf Fire Elementalist began the quest for
                  | the Orb.
     0 | D:1      | Reached XP level 1. HP: 10/10 MP: 6/6
   136 | D:1      | Reached XP level 2. HP: 15/15 MP: 6/8
   165 | D:1      | Learned a level 2 spell: Scorch
  1107 | D:2      | Noticed Jessica
  1111 | D:2      | Killed Jessica
  1112 | D:2      | Reached XP level 3. HP: 19/19 MP: 10/10
  1532 | D:2      | Noticed a scorpion
  1543 | D:2      | Killed a scorpion
  1544 | D:2      | Reached skill level 4 in Spellcasting
  1544 | D:2      | Reached XP level 4. HP: 24/24 MP: 12/12
  1558 | D:2      | Learned a level 4 spell: Flame Wave
  1670 | D:2      | Found Waung's Antique Weapon Boutique.
  1798 | D:3      | Found a bloodstained altar of Trog.
  1810 | D:3      | Reached XP level 5. HP: 28/28 MP: 13/13
  1812 | D:3      | Identified the +10 mace "Lucacykh" {venom, rN+ Stlth+}
  2612 | D:4      | Reached skill level 1 in Short Blades
  2612 | D:4      | Reached XP level 6. HP: 32/32 MP: 11/14
  2616 | D:4      | Identified the +10 spear of Entrepreneurial Spirit
                  | {protect, rF- Str+3 Dex+2}
  2747 | D:4      | Found an ornate altar of the Wu Jian Council.
  3008 | D:4      | Reached XP level 7. HP: 29/36 MP: 15/15
  3044 | D:4      | Reached skill level 5 in Fire Magic
  3061 | D:4      | Reached skill level 5 in Spellcasting
  3063 | D:4      | Found an ancient bone altar of Kikubaaqudgha.
  3633 | D:5      | Entered Level 5 of the Dungeon
  3921 | D:5      | Found a staircase to the Ecumenical Temple.
  3934 | Temple   | Entered the Ecumenical Temple
  3934 | Temple   | Found a transporter.
  3934 | Temple   | Found a transporter.
  3936 | Temple   | Found a transporter.
  3936 | Temple   | Found a transporter.
  3960 | Temple   | Became a worshipper of Vehumet
  4008 | D:5      | Reached skill level 6 in Spellcasting
  4060 | D:5      | Found a shimmering blue altar of Sif Muna.
  4364 | D:5      | Found a glowing golden altar of the Shining One.
  4495 | D:5      | Found a shadowy altar of Dithmenos.
  4531 | D:5      | Reached skill level 1 in Fighting
  4531 | D:5      | Reached XP level 8. HP: 43/43 MP: 19/19
  4933 | D:6      | Noticed Sigmund
  4942 | D:6      | Killed Sigmund
  4943 | D:6      | Reached skill level 7 in Spellcasting
  4943 | D:6      | Reached skill level 5 in Conjurations
  5313 | D:6      | Noticed Prince Ribbit
  5321 | D:6      | Killed Prince Ribbit
  5327 | D:6      | Noticed Duvessa
  5332 | D:6      | Killed Duvessa
  5333 | D:6      | Reached skill level 8 in Spellcasting
  5334 | D:6      | Noticed Dowan
  5338 | D:6      | Killed Dowan
  5987 | D:7      | Identified a scroll of acquirement
  5987 | D:7      | Acquired a book of Touch
  5994 | D:7      | Learned a level 4 spell: Dispel Undead
  6216 | D:7      | Reached skill level 1 in Necromancy
  6242 | D:7      | Noticed Menkaure
  6248 | D:7      | Killed Menkaure
  6249 | D:7      | Reached XP level 9. HP: 48/48 MP: 23/23
  6296 | D:7      | Reached * piety under Vehumet
  6296 | D:7      | Offered knowledge of Magic Dart by Vehumet.
  6913 | D:7      | Reached skill level 9 in Spellcasting
  7051 | D:8      | Found a runed translucent gate.
  7052 | D:8      | Found a runed translucent gate.
  7053 | D:8      | Found a runed translucent gate.
  7053 | D:8      | Noticed PrincessEmiBear's ghost (novice MiFi)
  7297 | D:8      | Reached skill level 5 in Short Blades
  7390 | D:8      | Reached skill level 5 in Stealth
  7606 | D:8      | Found an iron altar of Okawaru.
  7729 | D:8      | Found a staircase to the Lair.
  7875 | D:8      | Reached skill level 10 in Spellcasting
  7881 | D:8      | Reached XP level 10. HP: 54/54 MP: 19/26
  7923 | D:8      | Offered knowledge of Freeze by Vehumet.
  8325 | D:8      | Mangled by PrincessEmiBear's ghost

Illustrated notes

Levels and vault maps discovered:
D:1:      psy_arrival_terrarium, layout_loops_cross
D:2:      layout_loops_ring, serial_shops, shop, uniq_jessica
D:3:      layout_rooms, mainiacjoe_overflow_alcove_1
D:4:      layout_loops_ring, lemuel_mausoleum_altar_kikubaaqudgha,
          nzn_wu_jian_contemplation, serial_undead, serial_undead_c,
          serial_undead_e, serial_undead_e, serial_undead_d
D:5:      layout_layer_cave, nicolae_overflow_hidden_temple,
          minmay_temple_entry_stoned_glass, hangedman_decor_riveting
D:6:      layout_basic, minivault_11, uniq_duvessa, uniq_sigmund,
          uniq_prince_ribbit1
D:7:      layout_basic, serial_demonic, serial_demonic_g, serial_demonic_f,
          serial_demonic_g, serial_demonic_b, uniq_menkaure
D:8:      layout_basic, mainiacjoe_overflow_six_doors_small, lair_entry_dummy,
          ebering_ghost_rock_garden
Temple:   hellmonk_temple_divided_pantheon

Skill      XL: |  1  2  3  4  5  6  7  8  9 |
---------------+----------------------------+-----
Fire Magic     | 4 5 7 8 |  8.5
Spellcasting   | 4 6 8 10 | 10.2
Conjurations   | 2 4 5 |  5.8
Short Blades   | 1 4 5 |  5.4
Stealth        | 3 5 |  5.1
Fighting       | 1 2 |  2.5
Dodging        | 3 4 |  4.1
Necromancy     | 3 4 |  4.0

Action                     |  1- 3 |  4- 6 |  7- 9 | 10-12 || total
---------------------------+-------+-------+-------+-------++-------
  Melee: Unarmed           |    11 |    11 |       |       ||    22
         Punch             |     1 |       |     1 |       ||     2
         Rapier            |       |    23 |    75 |     3 ||   101
   Cast: Foxfire           |    29 |    26 |    38 |     9 ||   102
         Scorch            |    16 |    21 |    49 |     8 ||    94
         Flame Wave        |       |     5 |    15 |     3 ||    23
    Use: Scroll            |       |     7 |    13 |     1 ||    21
         Potion            |       |     1 |     6 |     1 ||     8
   Stab: Sleeping          |     1 |     3 |     7 |       ||    11
         Distracted        |       |       |     1 |       ||     1
 Armour: Robe              |     3 |    18 |    18 |     2 ||    41
  Dodge: Dodged            |    17 |    62 |    87 |     7 ||   173
